 Dungeon Crawl Stone Soup version 0.27.1 (webtiles) character file.

Game seed: 857953642581597317

10189 pkoi the Grappler (level 11, -23/92 HPs)
             Began as a Troll Gladiator on Aug 30, 2021.
             Was a High Priest of Okawaru.
             Annihilated by a large slime creature (29 damage)
             ... on level 11 of the Dungeon.
             The game lasted 00:11:54 (7323 turns).

pkoi the Grappler (Troll Gladiator)                 Turns: 7323, Time: 00:11:55

Health: -23/92     AC: 25    Str: 26    XL:     11   Next: 32%
Magic:  14/15      EV: 10    Int:  4    God:    Okawaru [*****.]
Gold:   499        SH:  0    Dex: 17    Spells: 10/10 levels left

rFire    . . .     SeeInvis .     - Unarmed
rCold    + . .     Faith    .   (no shield)
rNeg     + . .     Spirit   .   r - +1 storm dragon scales
rPois    .         Reflect  .   k - +5 hat of Lesser Demons {Dex+5}
rElec    +         Harm     .   A - +0 cloak
rCorr    .         Rampage  .   (gloves unavailable)
Will     .....                  (boots unavailable)
Stlth    ..........             (no amulet)
HPRegen  1.25/turn              a - ring of positive energy
MPRegen  0.14/turn              v - ring of protection from cold

@: heroic
A: large, unfitting armour, claws 3, regeneration 1, shaggy fur 1, tough skin 1
a: Renounce Religion, Heroism, Finesse


You were on level 11 of the Dungeon.
You worshipped Okawaru.
Okawaru was extremely pleased with you.
You visited 2 branches of the dungeon, and saw 12 of its levels.
You also visited: Ossuary.

You collected 499 gold pieces.

Inventory:

Missiles
 c - 3 throwing nets
 h - 12 boomerangs
 l - 40 poisoned darts (quivered)
 o - 7 javelins
Armour
 k - the +5 hat of Lesser Demons (worn) {Dex+5}
   (You acquired it on level 4 of the Dungeon)

   Dex:       It affects your dexterity (+5).
 r - +1 storm dragon scales (worn)
 A - a +0 cloak (worn)
Jewellery
 a - a ring of positive energy (left claw)
 v - a ring of protection from cold (right claw)
 C - a ring of wizardry
Wands
 n - a wand of digging (3)
 u - a wand of mindburst (6)
 w - a wand of iceblast (12)
 y - a wand of flame (39)
 B - a wand of charming (4)
Scrolls
 b - a scroll of magic mapping
 e - 2 scrolls of identify
 i - 3 scrolls of enchant weapon
 j - a scroll of fog
 q - 4 scrolls of teleportation
 F - a scroll of amnesia
Potions
 d - 3 potions of curing
 f - 4 potions of lignification
 g - 4 potions of heal wounds
 m - a potion of berserk rage
 p - 2 potions of attraction
 s - a potion of resistance
 t - a potion of mutation
 x - a potion of ambrosia
 z - a potion of brilliance
 D - a potion of flight {unknown}
 E - a potion of cancellation {unknown}
 G - a potion of might {unknown}


   Skills:
 - Level 1.5(6.5) Fighting
 - Level 1.7(6.7) Throwing
 + Level 8.7(13.7) Armour
 - Level 2.4(7.4) Dodging
 + Level 12.4(17.4) Unarmed Combat
 + Level 7.1 Invocations


You had 10 spell levels left.
You didn't know any spells.
Your spell library contained the following spells:

 Spells                   Type           Power      Damage    Failure   Level
 Apportation              Tloc           0%         N/A       92%         1
 Pain                     Necr           0%         1d4       92%         1
 Blink                    Tloc           N/A        N/A       98%         2
 Ensorcelled Hibernation  Hex/Ice        0%         N/A       98%         2
 Wereblood                Tmut           0%         N/A       98%         2
 Gell's Gravitas          Tloc           0%         N/A       100%        3
 Lesser Beckoning         Tloc           0%         N/A       100%        3
 Spider Form              Tmut/Pois      0%         N/A       100%        3
 Teleport Other           Tloc           0%         N/A       100%        3
 Agony                    Necr           0%         N/A       100%        5
 Alistair's Intoxication  Tmut/Pois      0%         N/A       100%        5
 Blade Hands              Tmut           0%         N/A       100%        5
 Excruciating Wounds      Necr           0%         N/A       100%        5
 Fireball                 Conj/Fire      0%         3d3       100%        5
 Manifold Assault         Tloc           0%         N/A       100%        5
 Invisibility             Hex            0%         N/A       100%        6
 Shadow Creatures         Summ           N/A        N/A       100%        6
 Starburst                Conj/Fire      0%         6d3       100%        6
 Storm Form               Tmut/Air       0%         N/A       100%        7


Dungeon Overview and Level Annotations

Branches:
Dungeon (11/15)            Temple (1/1) D:7         Ossuary (visited)
   Lair: D:8-11         Orc: D:9-12

Altars:
Ashenzari
Cheibriados
Dithmenos
Elyvilon
Fedhas
Gozag
Hepliaklqana
Kikubaaqudgha
Makhleb
Nemelex Xobeh
Okawaru
Qazlal
Ru
Sif Muna
Trog
Uskayaw
Vehumet
Wu Jian
Xom
Yredelemnul
Zin
The Shining One

Shops:
D:1 =   D:7 *   D:10 (

Annotations:
D:2 1 runed translucent door, Crazy Yiuf, Sigmund


Innate Abilities, Weirdness & Mutations

You are too large for most types of armour.
You have claws for hands.
Your natural rate of healing is unusually fast.
You are covered in fur. (AC +1)
You have tough skin. (AC +1)


Message History

The very large slime creature closely misses you.
You mangle the very large slime creature!!
You claw the very large slime creature!
The very large slime creature is moderately wounded.
Two slime creatures merge to form an enormous slime creature.
You mangle the enormous slime creature!!
You claw the enormous slime creature.
The enormous slime creature is moderately wounded.
You mangle the enormous slime creature!!
The enormous slime creature is heavily wounded.
You mangle the enormous slime creature!!
The enormous slime creature is heavily wounded.
The enormous slime creature hits you but does no damage.
Two slime creatures merge to form a large slime creature.
You claw the enormous slime creature!
The enormous slime creature is severely wounded.
The enormous slime creature hits you!!
You mangle the enormous slime creature!!
The enormous slime creature is severely wounded.
You mangle the enormous slime creature!!
You claw the enormous slime creature.
The enormous slime creature is almost dead.
The enormous slime creature hits you!!!!
Ouch! That really hurt!
* * * LOW HITPOINT WARNING * * *
You barely miss the enormous slime creature.
You claw the enormous slime creature!
The enormous slime creature is almost dead.
The enormous slime creature hits you but does no damage.
You eviscerate the enormous slime creature!!!
You kill the enormous slime creature!
Okawaru is honoured by your kill. Okawaru grants you a weapon!
Something appears at your feet!
You see here the +8 hand crossbow of Bukuf {flame, rElec Int+4}.
Your Invocations skill increases to level 7!
You eviscerate the large slime creature!!!
The large slime creature is moderately wounded.
The large slime creature hits you!!
You die...

+## #######+### ....
#...........# .....
#...........#
......######...........#
......'J@.##<..........#
......###..'...........#
..... ####...^.......#
<... #..)(.......# ...
#...........# ##
#.......<...#
###'######### #..# ##'#


You could see a large slime creature.

Vanquished Creatures
  Snorg (D:10)
  A slime creature (D:11)
  A two-headed ogre (D:10)
  Pikel (D:9)
  Maurice (D:9)
  An efreet (D:9)
  A kobold demonologist (D:9)
  A freezing wraith (D:10)
  2 wraiths (D:10)
  2 wyverns
  7 yaks
  A hog (shapeshifter) (D:9)
  A steam dragon (D:7)
  An acid dragon (D:7)
  Edmund (D:5)
  2 water moccasins
  2 sky beasts
  3 orc warriors
  An ice beast (D:7)
  4 ogres
  2 necrophages
  4 centaurs
  2 kobold brigands
  2 bullfrogs
  2 scorpions
  A wyvern skeleton (D:7)
  9 killer bees
  2 howler monkeys
  A bullfrog zombie (D:7)
  3 centaur zombies
  2 gnoll shamans
  4 hounds
  4 orc priests
  A centaur skeleton (D:5)
  Natasha (D:2)
  2 iguanas (D:7)
  5 orc wizards (D:9)
  A mummy (Ossuary)
  17 gnolls
  7 adders
  A white imp (D:5)
  An ufetubus (D:3)
  A worm (D:2)
  An adder skeleton (D:4)
  7 dart slugs
  21 orcs
  5 spectral bats (Ossuary)
  8 endoplasms
  4 giant cockroaches (D:1)
  12 gnoll zombies (Ossuary)
  6 goblins
  8 hobgoblins
  5 jackals
  18 kobolds
  3 quokkas
  8 ball pythons
  7 bats
  5 bat simulacra (Ossuary)
  4 frilled lizards (D:1)
  4 goblin simulacra (Ossuary)
  5 goblin zombies (Ossuary)
  4 hobgoblin zombies (Ossuary)
  3 kobold simulacra (Ossuary)
  5 kobold zombies (Ossuary)
  4 orc zombies (Ossuary)
  6 rats
  2 rat simulacra (Ossuary)
  A spectral goblin (Ossuary)
  7 spectral kobolds (Ossuary)
  A spectral rat (Ossuary)
274 creatures vanquished.

Vanquished Creatures (collateral kills)
  A cyclops (D:7)
  An orc (D:7)
2 creatures vanquished.

Vanquished Creatures (others)
  A killer bee (D:7)
1 creature vanquished.

Grand Total: 277 creatures vanquished

Notes
Turn   | Place    | Note
-------+----------+-------------------------------------------
     0 | D:1      | pkoi the Troll Gladiator began the quest for the Orb.
     0 | D:1      | Reached XP level 1. HP: 19/19 MP: 0/0
    37 | D:1      | Found Heass's Jewellery Boutique.
    62 | D:1      | Reached XP level 2. HP: 27/27 MP: 1/1
   236 | D:1      | Reached skill level 4 in Unarmed Combat
   323 | D:1      | Reached XP level 3. HP: 33/33 MP: 2/2
   992 | D:2      | Reached XP level 4. HP: 41/41 MP: 3/3
  1140 | D:2      | Reached skill level 5 in Unarmed Combat
  1159 | D:2      | Noticed Natasha
  1167 | D:2      | Killed Natasha
  1239 | D:2      | Found a runed translucent door.
  1240 | D:2      | Noticed Crazy Yiuf
  1280 | D:2      | Noticed Sigmund
  1475 | D:3      | Reached XP level 5. HP: 38/48 MP: 4/4
  1565 | D:3      | Found a faded altar of an unknown god.
  1897 | D:4      | Reached skill level 6 in Unarmed Combat
  1908 | D:4      | Noticed an ogre
  1924 | D:4      | Killed an ogre
  1965 | D:4      | Identified a scroll of acquirement
  1965 | D:4      | Acquired the +5 hat of Lesser Demons {Dex+5}
  1997 | D:4      | Reached XP level 6. HP: 55/55 MP: 5/5
  2066 | D:4      | Reached skill level 7 in Unarmed Combat
  2105 | D:4      | Found a sand-covered staircase.
  2122 | Ossuary  | Entered an ossuary
  2680 | D:4      | Acquired +1 storm dragon scales
  2998 | D:5      | Entered Level 5 of the Dungeon
  3018 | D:5      | Reached skill level 1 in Armour
  3097 | D:5      | Noticed Edmund
  3108 | D:5      | Killed Edmund
  3109 | D:5      | Reached XP level 7. HP: 43/62 MP: 6/6
  3112 | D:5      | Reached skill level 8 in Unarmed Combat
  3308 | D:5      | Found a snail-covered altar of Cheibriados.
  3492 | D:5      | Got the Catalogue of Shifting Attacks
  3590 | D:6      | Reached XP level 8. HP: 70/70 MP: 7/7
  3828 | D:6      | Reached skill level 9 in Unarmed Combat
  4318 | D:7      | Found Riokk's Lightly-Used Armoury.
  4447 | D:7      | Reached skill level 5 in Armour
  4521 | D:7      | Noticed a cyclops
  4545 | D:7      | Killed a cyclops
  4546 | D:7      | Reached skill level 10 in Unarmed Combat
  4546 | D:7      | Reached XP level 9. HP: 52/76 MP: 8/8
  4596 | D:7      | Found a staircase to the Ecumenical Temple.
  4597 | D:7      | Identified the +1 leather armour of Dyzuc {Contam rN+++
                  | rCorr Slay+2}
  4606 | Temple   | Entered the Ecumenical Temple
  4889 | Temple   | Became a worshipper of Warmaster Okawaru
  4955 | D:7      | Reached skill level 1 in Invocations
  5333 | D:7      | Reached * piety under Okawaru
  5477 | D:7      | Reached ** piety under Okawaru
  5478 | D:7      | Reached skill level 11 in Unarmed Combat
  5569 | D:8      | Reached XP level 10. HP: 85/85 MP: 10/12
  5904 | D:9      | Noticed Maurice
  5915 | D:9      | Killed Maurice
  6110 | D:9      | Reached *** piety under Okawaru
  6111 | D:9      | Reached skill level 5 in Invocations
  6120 | D:9      | Noticed Pikel
  6139 | D:9      | Killed Pikel
  6274 | D:9      | Reached **** piety under Okawaru
  6389 | D:9      | Reached skill level 12 in Unarmed Combat
  6572 | D:10     | Entered Level 10 of the Dungeon
  6675 | D:10     | Noticed a two-headed ogre
  6694 | D:10     | Killed a two-headed ogre
  6695 | D:10     | Reached XP level 11. HP: 78/92 MP: 14/14
  6757 | D:10     | Found Usatod's Antique Weapon Emporium.
  7168 | D:11     | Noticed Snorg
  7184 | D:10     | Reached ***** piety under Okawaru
  7230 | D:10     | Killed Snorg
  7320 | D:11     | HP: 3/92 [enormous slime creature (72)]
  7322 | D:11     | Identified the +8 hand crossbow of Bukuf {flame, rElec
                  | Int+4} (Okawaru gifted it to you on level 11 of the
                  | Dungeon)
  7322 | D:11     | Received a gift from Okawaru
  7323 | D:11     | Annihilated by a large slime creature

Illustrated notes

Levels and vault maps discovered:
D:1:      lemuel_arrival_river_ford, layout_basic, serial_shops,
          nicolae_shop_temple_entry_statues_fountains
D:2:      layout_loops_cross, uniq_sigmund, uniq_natasha,
          uniq_crazy_yiuf_cottage
D:3:      layout_rooms, shapermc_ecumenical_altar_totnotflames, st_stairs_11
D:4:      layout_rooms, nicolae_ossuary_entry_ruins, roderic_roman_lattice
D:5:      layout_gridville, mainiacjoe_overflow_brackets,
          hangedman_decor_points, nrook_mini_backslash, uniq_edmund
D:6:      layout_loops_ring, roderic_serpentine_path
D:7:      layout_basic, minmay_temple_entry_trees, dk_vineyard_3,
          minmay_shop_damaged
D:8:      layout_rooms
D:9:      layout_roguey, minmay_microvault, uniq_maurice, uniq_pikel
D:10:     layout_roguey, serial_shops, shop
D:11:     layout_roguey, david_lair_generic, uniq_harold, uniq_snorg
Temple:   nicolae_temple_the_god_donut

Skill      XL: |  1  2  3  4  5  6  7  8  9 10 11 |
---------------+----------------------------------+-----
Unarmed Combat | 4 5 6 7 8 10 11 12 | 12.4
Armour         | 1 3 5 6 8 |  8.7
Invocations    | 4 6 7 |  7.1
Fighting       | |  1.5
Throwing       | |  1.7
Dodging        | |  2.4

Action                   |  1- 3 |  4- 6 |  7- 9 | 10-12 || total
-------------------------+-------+-------+-------+-------++-------
Melee: Unarmed           |   104 |   246 |   213 |   206 ||   769
       Punch             |     1 |     6 |     8 |    16 ||    31
Throw: Dart              |       |     5 |       |       ||     5
Invok: Heroism           |       |       |       |     1 ||     1
  Use: Scroll            |       |     8 |     9 |     5 ||    22
 Stab: Distracted        |     1 |       |       |       ||     1
       Sleeping          |       |     3 |       |       ||     3
Armor: Robe              |    31 |    92 |       |       ||   123
       Storm dragon scal |       |     9 |   192 |   172 ||   373
Dodge: Dodged            |    41 |   135 |    91 |    72 ||   339
